 Dungeon Crawl Stone Soup version 0.16-a0-3458-g6d2551d (webtiles) character file.

261 NewYearsCrawler the Chopper (level 6, -1/47 HPs)
             Began as a Formicid Fighter on Jan 1, 2015.
             Was an Initiate of Okawaru.
             Slain by a gnoll
             ... wielding a +0 halberd of venom
              (3 damage)
             ... on level 4 of the Dungeon.
             The game lasted 00:04:24 (2956 turns).

NewYearsCrawler the Chopper (Formicid Fighter)      Turns: 2956, Time: 00:04:24

Health: -1/47      AC: 11    Str: 23    XL:     6   Next: 42%
Magic:  8/8        EV:  8    Int:  7    God:    Okawaru [......]
Gold:   165        SH: 10    Dex: 10    Spells: 0 memorised, 5 levels left

rFire  . . .     SeeInvis +     a - +0 war axe
rCold  . . .     Clarity  .     b - +0 scale mail
rNeg   . . .     SustAb   .     c - +1 shield
rPois  .         Gourm    .     (helmet unavailable)
rElec  .         Spirit   .     (no cloak)
rCorr  .         Warding  .     (no gloves)
rMut   .         Stasis   +     (no boots)
MR     .....                    (no amulet)
Stlth  ..........               l - +5 ring of protection
                                m - ring of teleportation (curse)

@: not resistant to hostile enchantments, extremely unstealthy
A: permanent stasis, dig shafts and tunnels, four strong arms, antennae 3
a: Dig, Shaft Self, Renounce Religion, Evoke Teleportation


You were on level 4 of the Dungeon.
You worshipped Okawaru.
Okawaru was noncommittal.
You were not hungry.

You visited 1 branch of the dungeon, and saw 4 of its levels.

You collected 165 gold pieces.

Inventory:

Hand weapons
 a - a +0 war axe (weapon)
Armour
 b - a +0 scale mail (worn)
 c - a +1 shield (worn)
Jewellery
 k - an uncursed ring of fire
 l - a +5 ring of protection (right hand)
 m - a cursed ring of teleportation (left hand)
 o - an uncursed ring of protection from magic
Potions
 e - a potion of might
 f - 2 potions of flight
Comestibles
 d - 2 bread rations
 h - 7 fruits
 j - 2 meat rations


   Skills:
 - Level 3.2 Fighting
 * Level 6.3 Axes
 - Level 3.2 Armour
 - Level 3.6 Shields


You had 5 spell levels left.
You didn't know any spells.

Dungeon Overview and Level Annotations

Branches:
Dungeon (4/15)
 Temple: D:4-7

Altars:
Gozag
Okawaru
Xom


Innate Abilities, Weirdness & Mutations

You are under a permanent stasis effect.
You can dig through walls and to a lower floor.
Your four strong arms can wield two-handed weapons with a shield.
You have a pair of large antennae on your head (SInv).


Message History

You feel sick.
* * * LOW HITPOINT WARNING * * *
You feel sick.
There is an escape hatch in the ceiling here.
* * * LOW HITPOINT WARNING * * *
You feel sick.
* * * LOW HITPOINT WARNING * * *
You feel sick.
An ogre comes into view. It is wielding a giant club.
* * * LOW HITPOINT WARNING * * *
You feel sick.
You are no longer poisoned.
Found a stone staircase leading up.
Found a pair of boots.
An ooze comes into view.
The ooze quivers.
Found a stone staircase leading down.
The ooze moves out of view.
The gnoll hits you from afar with a halberd of venom.
You die...

## ####. #.÷.< {
#.##.
##########.##.
{...........†...
#..##########.##
###...# #.#
##.@.# #.#
#####..### #.#
#...Og## #.#
#####..g...# #.#
.#.......##..#
### #.#
..........##.#
.. #.#
.<.....##..#..>
#. #.# ......
##.##### #.###.#
...... #..###
#.###...#.##


You could see an ogre and 2 gnolls.

Vanquished Creatures
  An iguana (D:4)
  2 adders
  12 gnolls
  A giant mite (D:3)
  2 worms (D:3)
  2 giant geckos
  2 oozes
  2 orcs (D:3)
  2 ball pythons
  10 bats
  3 giant cockroaches
  7 hobgoblins
  4 jackals (D:1)
  8 kobolds
  5 quokkas
  A giant gecko skeleton (D:4)
  3 giant newts
  7 goblins
  4 rats
78 creatures vanquished.

Notes
Turn   | Place    | Note
--------------------------------------------------------------
     0 | D:1      | NewYearsCrawler, the Formicid Fighter, began the quest for the Orb.
     0 | D:1      | Reached XP level 1. HP: 18/18 MP: 1/1
     1 | D:1      | Noticed an electric eel
   152 | D:1      | Reached XP level 2. HP: 24/24 MP: 3/3
   419 | D:1      | Reached XP level 3. HP: 20/29 MP: 4/4
  1015 | D:2      | Reached skill level 4 in Axes
  1015 | D:2      | Reached XP level 4. HP: 12/35 MP: 5/5
  1770 | D:2      | Found a shimmering altar of Xom.
  1776 | D:2      | Found an iron altar of Okawaru.
  1848 | D:2      | Became a worshipper of Warmaster Okawaru
  2091 | D:3      | Reached XP level 5. HP: 31/41 MP: 7/7
  2102 | D:3      | Reached skill level 5 in Axes
  2413 | D:3      | Reached XP level 6. HP: 24/47 MP: 8/8
  2823 | D:4      | Reached skill level 6 in Axes
  2900 | D:4      | Found an opulent altar of Gozag.
  2942 | D:4      | HP: 2/47 [poisoned by a gnoll]
  2950 | D:4      | HP: 1/47 [poisoned by a gnoll]
  2956 | D:4      | Slain by a gnoll

Action                   |  1- 3 |  4- 6 || total
-------------------------+-------+-------++-------
Melee: War axe           |   116 |   171 ||   287
  Use: Potion            |       |     3 ||     3
       Scroll            |       |     4 ||     4
  Eat: Chunk             |       |     7 ||     7
